 Dungeon Crawl Stone Soup version 0.22.0-49-gab54619 (webtiles) character file.

134 Fang the Chopper (level 5, -2/33 HPs)
             Began as a Gargoyle Berserker on Sept 4, 2018.
             Was a Believer of Trog.
             Slain by Grinder (4 damage)
             ... on level 4 of the Dungeon.
             The game lasted 00:02:36 (2376 turns).

Fang the Chopper (Gargoyle Berserker)               Turns: 2376, Time: 00:02:36

Health: -2/33      AC:  6    Str: 21    XL:     5   Next: 17%
Magic:  5/5        EV: 12    Int:  8    God:    Trog [**....]
Gold:   164        SH:  0    Dex:  9    Spells: 4/4 levels left

rFire    . . .     SeeInvis .   a - +0 hand axe
rCold    . . .     Gourm    .   (no shield)
rNeg     + . .     Faith    .   b - +0 animal skin
rPois    ∞         Spirit   .   (no helmet)
rElec    +         Reflect  .   (no cloak)
rCorr    .         Harm     .   (no gloves)
MR       .....                  (no boots)
Stlth    +.........             (no amulet)
HPRegen  0.11/turn              (no ring)
MPRegen  0.09/turn              (no ring)

@: berserk cooldown, hasted and slowed
A: negative energy resistance 1, electricity resistance, unbreathing,
petrification resistance, rot immunity, AC +4
a: Berserk, Trog's Hand, Renounce Religion


You were on level 4 of the Dungeon.
You worshipped Trog.
Trog was pleased with you.
You were near starving.

You visited 1 branch of the dungeon, and saw 4 of its levels.

You collected 164 gold pieces.

Inventory:

Hand Weapons
 a - a +0 hand axe (weapon)
Armour
 b - a +0 animal skin (worn)
Scrolls
 e - a scroll of identify {unknown}
 g - 3 scrolls of teleportation {unknown}
 j - 3 scrolls of amnesia {unknown}
 k - a scroll of enchant weapon {unknown}
 l - a scroll of magic mapping {unknown}
 m - a scroll of fear {unknown}
Potions
 d - 2 potions of curing {unknown}
 f - a potion of haste
 h - 2 potions of heal wounds {unknown}
 i - a potion of brilliance {unknown}
 n - a potion of ambrosia {unknown}
 o - a potion of degeneration {unknown}
Comestibles
 c - 6 rations


   Skills:
 + Level 4.0 Fighting
 + Level 4.2 Axes
 + Level 2.4 Armour
 + Level 2.2 Dodging
 + Level 0.6 Stealth


You had 4 spell levels left.
You didn't know any spells.
Your spell library was empty.

Dungeon Overview and Level Annotations

Branches:
Dungeon (4/15)
 Temple: D:4-7

Altars:
Cheibriados
Hepliaklqana
Trog
Yredelemnul
Zin

Annotations:
D:4 Grinder


Innate Abilities, Weirdness & Mutations

You are resistant to torment.
Your stone body is resilient. (AC +4)
You are immune to poison.
You resist negative energy. (rN+)
You are resistant to electric shocks. (rElec)
You can survive without breathing.
You are immune to petrification.
You are immune to rotting.


Message History

Pain shoots through your body!
You closely miss Grinder.
Grinder is heavily wounded.
Grinder hits you.
You writhe in agony.
Grinder blinks!
Grinder gestures at you.
You suddenly lose the ability to move!
Grinder hits you.
You writhe in agony.
Grinder blinks! x2
Grinder gestures at you. Pain shoots through your body!
* * * LOW HITPOINT WARNING * * *
Grinder gestures at you. Pain shoots through your body!
* * * LOW HITPOINT WARNING * * *
You can move again.
Grinder blinks!
Grinder hits you but does no damage. Grinder completely misses you.
Unknown command.
It was a potion of haste.
You feel yourself speed up. Grinder hits you.
You die...

#..... .. #.##.# .#
####### #.##.# .#
##.....###.##.##.####.#
##.......##.##.......#.#
#.........#.##.........#
'.........'.....†......##
#.........#.##..........#
##.......##.....@5......#
##.....#######.........#
##...## #........# ##+##
#.#.....## #.# #.##...##
## #.# #. #### .# ##.##
#. .###...## #. .##.....#
#.


You could see Grinder.

Vanquished Creatures
  2 worker ants
  2 adders
  2 oozes
  6 dart slugs
  A giant cockroach (D:2)
  4 goblins
  3 hobgoblins
  4 jackals (D:4)
  10 kobolds
  A ball python (D:3)
  5 bats
  2 frilled lizards (D:2)
  14 rats
  2 toadstools (D:1)
58 creatures vanquished.

Vanquished Creatures (others)
  2 toadstools (D:1)
2 creatures vanquished.

Grand Total: 60 creatures vanquished

Notes
Turn   | Place    | Note
-------+----------+-------------------------------------------
     0 | D:1      | Fang the Gargoyle Berserker began the quest for the Orb.
     0 | D:1      | Reached XP level 1. HP: 14/14 MP: 1/1
   122 | D:1      | Reached XP level 2. HP: 19/19 MP: 2/2
   590 | D:2      | Found a snail-covered altar of Cheibriados.
   598 | D:2      | Reached XP level 3. HP: 20/23 MP: 3/3
   841 | D:2      | Found a bloodstained altar of Trog.
   891 | D:2      | Reached ** piety under Trog
  1124 | D:2      | Found a glowing silver altar of Zin.
  1249 | D:3      | Found a basalt altar of Yredelemnul.
  1406 | D:3      | Reached XP level 4. HP: 25/29 MP: 4/4
  1451 | D:3      | Found a hazy altar of Hepliaklqana.
  2069 | D:4      | Reached XP level 5. HP: 20/33 MP: 5/5
  2341 | D:4      | Noticed Grinder
  2355 | D:4      | Paralysed by Grinder for 7 turns
  2367 | D:4      | Paralysed by Grinder for 6 turns
  2372 | D:4      | HP: 1/33 [Grinder/nerve-wracking pain (6)]
  2376 | D:4      | Slain by Grinder

Skill      XL: |  1  2  3  4 |
---------------+-------------+-----
Axes           | 3 4 |  4.2
Dodging        | 2 |  2.2
Fighting       | 4 |  4.0
Armour         | |  2.4
Stealth        | |  0.6

Action                   |  1- 3 |  4- 6 || total
-------------------------+-------+-------++-------
Melee: Hand axe          |   107 |    55 ||   162
Invok: Berserk           |       |     1 ||     1
  Use: Potion            |       |     1 ||     1
 Stab: Sleeping          |       |     1 ||     1
  Eat: Chunk             |     1 |     3 ||     4
Armor: Animal skin       |    36 |    18 ||    54
Dodge: Dodged            |    85 |    40 ||   125
